 Dungeon Crawl Stone Soup version 0.31-a0-150-g89dc3ad700 (webtiles) character file.

Game seed: 5044989741941278997

1904 qw the Skirmisher (level 8, -4/73 HPs)
             Began as a Minotaur Hunter on June 8, 2023.
             Was an Initiate of Okawaru.
             Slain by a wyvern (14 damage)
             ... on level 7 of the Dungeon.
             The game lasted 00:02:30 (5772 turns).

qw the Skirmisher (Minotaur Hunter)                 Turns: 5772, Time: 00:02:31

Health: -4/73      AC:  8    Str: 16    XL:     8   Next: 94%
Magic:  7/7        EV: 17    Int:  6    God:    Okawaru [......]
Gold:   378        SH:  0    Dex: 16    Spells: 7/7 levels left

rFire   . . .        Y - +2 shortbow
rCold   + . .        (shield currently unavailable)
rNeg    . . .        a - +0 ring mail
rPois   .            (helmet restricted)
rElec   +            (no cloak)
rCorr   .            d - +0 pair of gloves
SInv    +            g - +0 pair of boots
Will    .....        (no amulet)
Stlth   +            h - ring of see invisible
HPRegen 0.32/turn    c - +5 ring of evasion
MPRegen 0.10/turn

%: no passive effects
@: lethally poisoned (-4 -> -7), about to teleport, slowed, very slow
A: horns 2, retaliatory headbutt, cold resistance 1, electricity resistance
a: Renounce Religion


You were on level 7 of the Dungeon.
You worshipped Okawaru.
Okawaru was noncommittal.
You visited 2 branches of the dungeon, and saw 8 of its levels.

You collected 378 gold pieces.


Innate Abilities, Weirdness & Mutations

You have a pair of horns on your head.
You reflexively headbutt those who attack you in melee.
Your flesh is cold resistant. (rC+)
You are resistant to electric shocks. (rElec)


   Skills:
 - Level 7.2 Fighting
 - Level 11.1 Ranged Weapons
 - Level 3.2 Armour
 + Level 3.5 Dodging
 - Level 0.7 Stealth


You had 7 spell levels left.
You didn't know any spells.
Your spell library was empty.

Inventory:

Hand Weapons
 Y - a +2 shortbow (weapon)
Armour
 a - a +0 ring mail (worn)
 d - a +0 pair of gloves (worn)
 g - a +0 pair of boots (worn)
Jewellery
 c - a +5 ring of evasion (right hand)
 h - a ring of see invisible (left hand)
 k - a ring of protection from cold
Scrolls
 b - 2 scrolls of identify
 f - 3 scrolls of immolation {unknown}
 i - 3 scrolls of teleportation
Potions
 e - 3 potions of curing
 j - a potion of mutation
 l - a potion of heal wounds {unknown}
 n - a potion of magic
 o - a potion of might {unknown}
 p - a potion of brilliance {unknown}

Dungeon Overview and Level Annotations

Branches:
Dungeon (7/15)             Temple (1/1) D:6

Altars:
Ashenzari
Cheibriados
Dithmenos
Elyvilon
Fedhas
Hepliaklqana
Kikubaaqudgha
Makhleb
Nemelex Xobeh
Okawaru
Qazlal
Ru
Uskayaw
Vehumet
Wu Jian
Xom
Yredelemnul
Zin
The Shining One


Message History

You shoot an arrow. The arrow hits the hound!
The hound is almost dead.
The hound bites you. The hornet completely misses you.
The hound bites you but does no damage.
You shoot an arrow. The arrow hits the hound.
You kill the hound!
Okawaru accepts your kill. The hornet barely misses you.
You shoot an arrow. The arrow misses the hornet.
The arrow hits the wyvern!
The wyvern is moderately wounded.
A bullfrog comes into view.
The hornet stings you but does no damage.
The hornet stings you!
You feel yourself slow down. The wyvern closely misses you.
You shoot an arrow. The arrow barely misses the wyvern.
The bullfrog croaks.
The wyvern bites you! The hornet stings you.
You are poisoned.
You suddenly lose the ability to move!
The wyvern bites you but does no damage.
The hornet stings you!
You feel as though you will be slow longer.
You can move again.
You shoot an arrow. The arrow hits the wyvern.
The wyvern is heavily wounded.
You feel very sick. The wyvern barely misses you.
The hornet completely misses you. The wyvern closely misses you.
The hornet stings you.
You feel as though you will be slow longer.
5771 ||| READING 4 scrolls of teleportation.
As you read the scroll of teleportation, it crumbles to dust.
You feel strangely unstable.
You feel very sick. The wyvern closely misses you.
The hornet closely misses you. You furiously retaliate!
You headbutt the hornet. The hornet misses you. The wyvern closely misses you.
You shoot an arrow. The arrow barely misses the wyvern.
You feel sick. The wyvern bites you. The hornet barely misses you.
The wyvern bites you. The hornet misses you. The wyvern bites you!
You die...

.~..~....~..~.
........(....
............
.~....~..~. ........
######## ~F.~~
#......## ##yl#
#.#####.# #.@.# #.#
#.# ##.### #.# #.#
#..# #.# #.# #.## #.#
#.# #.# #.#
#.#.###.######. #.#
#.#............
##.#####.#####.#######
......[........#


You could see a hornet, a wyvern and a bullfrog.

Vanquished Creatures
  A wyvern (D:7)
  2 water moccasins
  2 ice beasts (D:6)
  A black bear (D:6)
  An ogre (D:6)
  A phantom (D:5)
  A kobold brigand (D:6)
  2 scorpions
  3 wights (D:6)
  2 electric eels (D:6)
  5 hounds
  2 jellies
  3 iguanas
  2 orc wizards (D:5)
  14 gnolls
  7 adders
  2 white imps
  2 ufetubi
  A worm (D:5)
  2 dart slugs
  7 orcs
  6 endoplasms
  5 giant cockroaches
  38 goblins
  27 hobgoblins
  3 quokkas
  7 ball pythons
  4 bats (D:1)
  A frilled lizard (D:3)
  11 kobolds
  2 rats (D:3)
167 creatures vanquished.

Vanquished Creatures (others)
  A gnoll (D:6)
1 creature vanquished.

Grand Total: 168 creatures vanquished

Notes
Turn   | Place    | Note
-------+----------+-------------------------------------------
     0 | D:1      | qw the Minotaur Hunter began the quest for the Orb.
     0 | D:1      | Reached XP level 1. HP: 18/18 MP: 0/0
     0 | D:1      | 0 ||| qw: Version: 0.2-a-119-g7aa9181
     0 | D:1      | 0 ||| qw: Game counter: 2807
     0 | D:1      | 0 ||| qw: Always use a shield: true
     0 | D:1      | 0 ||| qw: God list: Okawaru
     0 | D:1      | 0 ||| qw: Allow faded altars: false
     0 | D:1      | 0 ||| qw: Do Orc after D:15 true
     0 | D:1      | 0 ||| qw: Do second Lair branch before Depths: true
     0 | D:1      | 0 ||| qw: Lair rune preference: random
     0 | D:1      | 0 ||| qw: Plans: Normal
     0 | D:1      | 0 ||| PLANNING D:1-11
   207 | D:1      | Reached XP level 2. HP: 25/25 MP: 1/1
   224 | D:1      | Reached skill level 5 in Ranged Weapons
   293 | D:1      | Reached skill level 3 in Fighting
   499 | D:1      | Found a faded altar of an unknown god.
   672 | D:1      | 672 ||| UPGRADING to +0 pair of boots.
   677 | D:1      | 677 ||| READING scroll labelled ATAPRY YCRU.
   678 | D:1      | 678 ||| DRINKING 2 viscous ruby potions.
   679 | D:1      | 679 ||| DROPPING scroll of butterflies.
   846 | D:2      | Reached XP level 3. HP: 31/31 MP: 2/2
  1528 | D:2      | 1528 ||| UPGRADING to +0 ring mail.
  1538 | D:2      | 1538 ||| DROPPING +0 leather armour.
  1539 | D:2      | 1539 ||| READING scroll labelled SIEFOMPUXY.
  1544 | D:2      | 1544 ||| READING scroll labelled JEYSMY WAPPU.
  1545 | D:2      | 1545 ||| DRINKING 2 golden potions.
  1580 | D:2      | 1580 ||| DRINKING 2 fuming inky potions.
  1580 | D:2      | Gained mutation: You have hidden genetic defects. [potion
                  | of mutation]
  1580 | D:2      | Gained mutation: Your flesh is cold resistant. (rC+)
                  | [potion of mutation]
  1580 | D:2      | Lost mutation: You have hidden genetic defects. [potion of
                  | mutation]
  1580 | D:2      | Gained mutation: You are resistant to electric shocks.
                  | (rElec) [potion of mutation]
  1581 | D:2      | 1581 ||| DROPPING potion of lignification.
  1648 | D:3      | Reached skill level 1 in Armour
  1686 | D:3      | Reached XP level 4. HP: 38/38 MP: 3/3
  1696 | D:3      | Reached skill level 6 in Ranged Weapons
  2097 | D:3      | 2097 ||| UPGRADING to amulet of guardian spirit.
  2102 | D:3      | 2102 ||| UPGRADING to ring of protection from cold.
  2103 | D:3      | 2103 ||| UPGRADING to +5 ring of evasion.
  2104 | D:3      | 2104 ||| UPGRADING to ring of see invisible.
  2106 | D:3      | 2106 ||| READING 2 scrolls labelled ZACSAA ITYN.
  2152 | D:4      | Reached XP level 5. HP: 46/46 MP: 4/4
  2332 | D:4      | Found a blossoming altar of Fedhas.
  2408 | D:4      | Found a broken altar of Ashenzari.
  2409 | D:4      | Found a glowing silver altar of Zin.
  2410 | D:4      | Found a white marble altar of Elyvilon.
  2411 | D:4      | Found a hide-covered altar of Uskayaw.
  2544 | D:4      | 2544 ||| READING scroll labelled MOGUYQU ECAO.
  2545 | D:4      | 2545 ||| READING 2 scrolls of identify.
  2545 | D:4      | 2545 ||| IDENTIFYING pink potion
  2546 | D:4      | 2546 ||| DROPPING potion of attraction.
  2555 | D:5      | Entered Level 5 of the Dungeon
  2585 | D:5      | Reached skill level 7 in Ranged Weapons
  2585 | D:5      | Reached XP level 6. HP: 33/52 MP: 3/5
  2932 | D:5      | Reached skill level 8 in Ranged Weapons
  2963 | D:5      | 2963 ||| DRINKING 4 potions of curing.
  2963 | D:5      | 2963 ||| (to cure confusion)
  3051 | D:5      | Reached XP level 7. HP: 55/61 MP: 6/6
  3126 | D:5      | Reached skill level 3 in Armour
  3512 | D:5      | 3512 ||| READING scroll labelled FAOTSO ILIBONU.
  3513 | D:5      | 3513 ||| DRINKING 2 smoky grey potions.
  3514 | D:5      | 3514 ||| READING 2 scrolls of identify.
  3514 | D:5      | 3514 ||| IDENTIFYING fuming clear potion
  3515 | D:5      | 3515 ||| DROPPING potion of berserk rage.
  3516 | D:5      | 3516 ||| DROPPING potion of degeneration.
  3536 | D:6      | 3536 ||| Stepping ~*~*~tactically~*~*~ (outnumbered).
  3537 | D:6      | 3537 ||| Stepping ~*~*~tactically~*~*~ (outnumbered).
  3544 | D:6      | 3544 ||| Stepping ~*~*~tactically~*~*~ (outnumbered).
  3552 | D:6      | 3552 ||| Stepping ~*~*~tactically~*~*~ (outnumbered).
  3562 | D:6      | 3562 ||| FLEEEEING.
  3593 | D:6      | 3593 ||| FLEEEEING.
  3647 | D:6      | 3647 ||| READING scroll of enchant weapon.
  3647 | D:6      | 3647 ||| ENCHANTING +1 shortbow.
  3718 | D:6      | Reached skill level 9 in Ranged Weapons
  3797 | D:6      | Reached skill level 3 in Dodging
  3956 | D:6      | Found a staircase to the Ecumenical Temple.
  3957 | D:6      | 3957 ||| PLANNING TEMPLE
  3965 | Temple   | Entered the Ecumenical Temple
  4173 | Temple   | 4173 ||| PLANNING D:1-11
  4226 | D:6      | Reached skill level 6 in Fighting
  4226 | D:6      | Reached XP level 8. HP: 67/69 MP: 7/7
  4573 | D:6      | Reached skill level 10 in Ranged Weapons
  4589 | D:6      | 4589 ||| FLEEEEING.
  4590 | D:6      | 4590 ||| FLEEEEING.
  4591 | D:6      | 4591 ||| FLEEEEING.
  4592 | D:6      | 4592 ||| FLEEEEING.
  4604 | D:6      | 4604 ||| FLEEEEING.
  4606 | D:6      | 4606 ||| FLEEEEING.
  4607 | D:6      | 4607 ||| FLEEEEING.
  4608 | D:6      | 4608 ||| FLEEEEING.
  4609 | D:6      | 4609 ||| FLEEEEING.
  4610 | D:6      | 4610 ||| FLEEEEING.
  4611 | D:6      | 4611 ||| FLEEEEING.
  4612 | D:6      | 4612 ||| FLEEEEING.
  4613 | D:6      | 4613 ||| FLEEEEING.
  4614 | D:6      | 4614 ||| FLEEEEING.
  4615 | D:6      | 4615 ||| STAIRDANCE
  4748 | D:6      | Found an iron altar of Okawaru.
  4749 | D:6      | 4749 ||| PLANNING OKAWARU WORSHIP
  4810 | D:6      | 4810 ||| READING 2 scrolls of identify.
  4810 | D:6      | 4810 ||| IDENTIFYING murky green potion
  4811 | D:6      | 4811 ||| DROPPING potion of ambrosia.
  4812 | D:6      | Became a worshipper of Warmaster Okawaru
  4812 | D:6      | 4812 ||| PLANNING D:1-11
  4813 | D:6      | 4813 ||| REMOVING amulet of guardian spirit.
  5506 | D:6      | 5506 ||| UPGRADING to +0 pair of gloves.
  5511 | D:6      | 5511 ||| DROPPING amulet of guardian spirit.
  5512 | D:6      | 5512 ||| READING 2 scrolls of identify.
  5512 | D:6      | 5512 ||| IDENTIFYING fuming ruby potion
  5762 | D:7      | Noticed a hornet
  5763 | D:7      | Reached skill level 11 in Ranged Weapons
  5769 | D:7      | Paralysed by a hornet for 1 turns
  5770 | D:7      | HP: 18/73 [hornet (3)]
  5771 | D:7      | 5771 ||| READING 4 scrolls of teleportation.
  5772 | D:7      | Slain by a wyvern

Levels and vault maps discovered:
D:1:      dpeg_arrival_rooms_with_view, layout_loops_ring,
          dreamdust_ecumenical_altar_angels_and_demons, minmay_pentomino_u4
D:2:      layout_basic
D:3:      layout_rooms, amethyst_killhole, corner_web_ring
D:4:      layout_cave_pools, kennysheep_little_box,
          mainiacjoe_overflow_alcove_3, chequers_garden
D:5:      layout_loops_ring, kennysheep_another_room, kennysheep_generic_room_14
D:6:      minmay_goblin_kobold_castle, layout_gridville,
          mainiacjoe_overflow_small_starburst, minmay_temple_entry_poolview
D:7:      layout_loops_ring, mainiacjoe_overflow_alcove_1, kennysheep_dice,
          uniq_prince_ribbit1, uniq_crazy_yiuf_cottage
Temple:   nicolae_temple_figure_eight

Skill      XL: |  1  2  3  4  5  6  7  8 |
---------------+-------------------------+-----
Ranged Weapons | 5 6 7 8 9 11 | 11.1
Fighting       | 3 4 5 6 7 |  7.2
Armour         | 1 3 |  3.2
Dodging        | 3 |  3.5
Stealth        | |  0.7

Action                     |  1- 3 |  4- 6 |  7- 9 || total
---------------------------+-------+-------+-------++-------
   Fire: Shortbow          |    93 |   143 |   289 ||   525
    Use: Scroll            |     3 |     3 |     6 ||    12
         Potion            |     3 |     1 |     1 ||     5
 Armour: Leather armour    |     1 |       |       ||     1
         Ring mail         |     2 |    13 |    35 ||    50
  Dodge: Dodged            |    15 |    45 |   139 ||   199

Table legend:
 A = Non-vault XP
 B = Vault XP
 C = Vault XP percentage of total XP
 D = Non-vault monster count
 E = Vault monster count
 F = Vault count percentage of total count
                 A         B        C        D         E       F
            +---------+---------+-------+---------+---------+-------
      Total |    2424 |     296 |  10.9 |      99 |      69 |  41.1
            +---------+---------+-------+---------+---------+-------
        D:1 |      27 |       6 |  18.2 |      16 |       4 |  20.0
        D:2 |      14 |       0 |   0.0 |       6 |       0 |   0.0
        D:3 |     105 |       0 |   0.0 |      18 |       0 |   0.0
        D:4 |     135 |       0 |   0.0 |      18 |       0 |   0.0
        D:5 |     623 |       3 |   0.5 |      17 |       1 |   5.6
        D:6 |    1319 |     245 |  15.7 |      23 |      63 |  73.3
        D:7 |     201 |      42 |  17.3 |       1 |       1 |  50.0
            +---------+---------+-------+---------+---------+-------
